 Dungeon Crawl Stone Soup version 0.30.0-10-gfe55d96785 (webtiles) character file.

Game seed: 3774665208569725247

102992 Monkooky the Martial Artist (level 15, -6/122 HPs)
             Began as a Demonspawn Monk on May 14, 2023.
             Was the Champion of Wu Jian.
             Killed from afar by Bai Suzhen (17 damage)
             ... with a torrent of water
             ... on level 3 of the Swamp.
             The game lasted 01:34:44 (29768 turns).

Monkooky the Martial Artist (Demonspawn Monk)      Turns: 29768, Time: 01:34:44

Health: -6/122     AC: 19    Str: 16    XL:     15   Next: 87%
Magic:  0/19       EV: 15    Int: 13    God:    Wu Jian [******]
Gold:   2662       SH: 10    Dex: 14    Spells: 5/19 levels left

rFire   + +          .
                       - Unarmed
rCold   x . .        d - orb {light}
rNeg    + + .        c - +3 leather armour {rF+}
rPois   +            g - +0 helmet
rElec   +            B - +2 cloak {rPois}
rCorr   .            (no gloves)
SInv    .            (no boots)
Will    ++...        T - amulet of guardian spirit
Stlth   +            W - +4 ring of protection
HPRegen 0.40/turn    i - ring "Neosaleo" {Fire rElec rN++ Will+ Dex-3}
MPRegen 0.16/turn

%: guardian spirit
@: exhausted, attractive, glowing
A: claws 2, large bone plates 2, icemail 1, powered by pain 2, condensation
shield
a: Renounce Religion, Wall Jump, Serpent's Lash, Heavenly Storm


You were on level 3 of the Swamp.
You worshipped Wu Jian.
Wu Jian was exalted by your worship.
You visited 4 branches of the dungeon, and saw 22 of its levels.
You also visited: Volcano.

You collected 4841 gold pieces.
You spent 2179 gold pieces at shops.

Inventory:

Missiles
 l - 29 boomerangs (quivered)
 C - 8 poisoned darts
 I - 4 throwing nets
 S - a curare-tipped dart
Armour
 c - a +3 leather armour of fire resistance (worn)
 d - an orb of light (worn)
 g - a +0 helmet (worn)
 B - a +2 cloak of poison resistance (worn)
Jewellery
 a - a +6 ring of strength
 i - the ring "Neosaleo" (right claw) {Fire rElec rN++ Will+ Dex-3}
   (You found it on level 2 of the Swamp)

   [ring of fire]

   It enhances your fire magic.
   Dex:       It affects your dexterity (-3).
   rF:        It protects you from fire.
   rC:        It makes you vulnerable to cold.
   rElec:     It insulates you from electricity.
   rN:        It greatly protects you from negative energy.
   Will:      It increases your willpower.
 q - a ring of protection from cold
 R - a ring of protection from fire
 T - an amulet of guardian spirit (around neck)
 W - a +4 ring of protection (left claw)
 Y - a +6 ring of intelligence
Wands
 f - a wand of digging (8)
 o - a wand of paralysis (13)
 u - a wand of quicksilver (4)
 E - a wand of flame (27)
 H - a wand of roots (6)
 N - a wand of polymorph (4)
 V - a wand of mindburst (9)
Scrolls
 b - 3 scrolls of enchant armour
 r - 3 scrolls of vulnerability
 v - 2 scrolls of silence
 w - 2 scrolls of fear
 x - 2 scrolls of magic mapping
 y - 3 scrolls of summoning
 z - 6 scrolls of teleportation
 A - 2 scrolls of poison
 F - 5 scrolls of torment
 G - 3 scrolls of blinking
 K - 4 scrolls of fog
 M - a scroll of immolation
Potions
 e - 8 potions of flight
 h - 2 potions of attraction
 j - a potion of ambrosia
 k - 4 potions of heal wounds
 m - 2 potions of resistance
 p - 10 potions of curing
 s - 5 potions of lignification
 t - 4 potions of haste
 D - 3 potions of brilliance
 J - a potion of magic
 L - 6 potions of mutation
 O - a potion of cancellation
 P - a potion of might
 X - a potion of berserk rage
Miscellaneous
 n - a phial of floods (inert)
 Q - a box of beasts
 U - a tin of tremorstones (inert)
 Z - a lightning rod (4/4)


   Skills:
 + Level 12.5 Fighting
 - Level 3.1 Axes
 + Level 7.9 Armour
 + Level 8.6 Dodging
 + Level 14.6 Unarmed Combat
 - Level 2.9 Spellcasting
 - Level 5.3 Conjurations
 - Level 8.6 Transmutations
 - Level 5.4 Air Magic
 - Level 5.2 Poison Magic
 - Level 10.6 Evocations


You had 5 spell levels left.
You knew the following spells:

 Your Spells              Type           Power      Damage    Failure   Level
a - Mephitic Cloud        Conj/Pois/Air  15%        N/A       10%         3
b - Blade Hands           Tmut           12%        N/A       22%         5
c - Alistair's Intoxicat  Tmut/Pois      13%        N/A       41%         5
d - Apportation           Tloc           2%         N/A       28%         1

Your spell library contained the following spells:

 Spells                   Type           Power      Damage    Failure   Level
 Sting                    Tmut/Pois      80%        1d7       1%          1
 Magic Dart               Conj           60%        1d6       3%          1
 Shock                    Conj/Air       60%        1d6       3%          1
 Poisonous Vapours        Pois/Air       30%        N/A       4%          2
 Static Discharge         Conj/Air       30%        2-4/arc   4%          2
 Spider Form              Tmut/Pois      20%        N/A       4%          3
 Swiftness                Air            15%        N/A       9%          3
 Necrotise                Necr           4%         1d4       28%         1
 Summon Small Mammal      Summ           4%         N/A       28%         1
 Airstrike                Air            7%         2d(2-18)  30%         4
 Olgreb's Toxic Radiance  Pois           15%        N/A       30%         4
 Call Imp                 Summ           2%         N/A       38%         2
 Ensorcelled Hibernation  Hex/Ice        2%         N/A       38%         2
 Lesser Beckoning         Tloc           2%         N/A       38%         2
 Gell's Gravitas          Tloc           1%         N/A       63%         3
 Portal Projectile        Hex/Tloc       2%         N/A       63%         3
 Teleport Other           Tloc           1%         N/A       63%         3
 Tukima's Dance           Hex            1%         N/A       63%         3
 Summon Lightning Spire   Summ/Air       8%         N/A       65%         4
 Anguish                  Hex/Necr       0%         N/A       95%         4


Dungeon Overview and Level Annotations

Branches:
Dungeon (12/15)            Temple (0/1) D:6            Lair (5/5) D:11
  Swamp (3/4) Lair:2       Spider (0/4) Lair:2        Slime (0/5) Lair:5
    Orc (2/2) D:9             Elf (0/3) Orc:2       Volcano (visited)

Altars:
Ashenzari
Cheibriados
Dithmenos
Gozag
Makhleb
Nemelex Xobeh
Okawaru
Ru
Trog
Uskayaw
Vehumet
Wu Jian
Xom
Yredelemnul
Jiyva

Shops:
D:5 [   D:6 *   D:11 ?   Orc:2 ([*=*

Annotations:
D:1 exclusion: downstairs
D:7 exclusion: statue
Swamp:2 exclusion: downstairs
Swamp:3 Bai Suzhen


Innate Abilities, Weirdness & Mutations

You have very sharp fingernails.
You are mostly covered in large bone plates. (SH +6)
A meltable icy envelope protects you from harm. (AC +4)
You sometimes gain power by taking damage.
A meltable shield of frost defends you. (SH +4)


Message History

Bai Suzhen is heavily wounded.
Bai Suzhen bites you!
Bai Suzhen claws you but does no damage.
Bai Suzhen tramples you!
You hold your ground!
Unknown command.
Your unstable footing causes you to fumble your attack.
You block Bai Suzhen's attack.
Bai Suzhen claws you but does no damage.
Bai Suzhen misses you.
Unknown command.
You spin and attack Bai Suzhen, with incredible momentum.
You slash Bai Suzhen!
Bai Suzhen is severely wounded.
Your supernatural speed expires.
Unknown command.
You hit Bai Suzhen.
Bai Suzhen is severely wounded.
You shred Bai Suzhen!!! You slash Bai Suzhen!
Bai Suzhen is almost dead.
Bai Suzhen bites you.
Bai Suzhen claws you but does no damage.
You block Bai Suzhen's attack.
You spin and attack Bai Suzhen repeatedly.
You slash Bai Suzhen!
Bai Suzhen is almost dead.
Your unstable footing causes you to fumble your attack.
Bai Suzhen breathes water at you. The torrent of water hits you!!!
* * * LOW HITPOINT WARNING * * *
You focus on the pain.
You feel your power returning.
You are knocked back by the torrent of water.
Splash!
The wave splashes down.
Okay, then.
Okay, then.
Your claws revert to their normal proportions.
Your orb of light unmelds from your body.
Bai Suzhen breathes water at you. The torrent of water hits you!!
You die...

..§~~~...~~~~.
♣~..~♣♣.§~~~.
♣♣~♣♣♣♣.~~~^~
♣♣♣♣♣♣.~~..♣♣.~
♣♣♣§....[~~.♣♣
♣ ♣§§§~~~..~.♣♣
♣♣D§§~~♣♣~♣♣♣
♣§§§...♣♣♣♣
♣♣♣♣♣@~[♣♣♣♣
♣~~~♣.~~♣
♣.~~~.~.♣
♣.>..~..♣♣
♣♣♣♣~.~~~♣
♣....~~♣♣
♣~~~..~♣
♣♣..~♣♣♣♣♣♣
♣♣...♣♣..♣♣♣♣♣


You could see Bai Suzhen (clouds, catching breath).

Vanquished Creatures
  Mlioglotl (Swamp:1)
  Frances (Swamp:2)
  A thorn hunter (Swamp:2)
  3 orc warlords
  2 eleionomae (Swamp:2)
  4 bunyips
  Snorg (D:12)
  A ghost crab (Swamp:3)
  Harold (Lair:1)
  11 hydras
  4 boulder beetles
  An ice dragon (Lair:5)
  3 alligators
  2 catoblepae
  4 death yaks (Lair:3)
  An orc high priest (Orc:1)
  3 skysharks
  4 spriggan druids
  A death drake (Swamp:2)
  2 goliath frogs
  4 bog bodies
  A lindwurm (Lair:5)
  5 deep elf pyromancers
  A necromancer (Lair:2)
  2 ugly things (Volcano)
  9 orc sorcerers
  4 orc knights (Orc:1)
  3 will-o-the-wisps
  A manticore (D:12)
  6 cyclopes
  10 elephants
  A black mamba (Lair:2)
  Maurice (D:12)
  9 cane toads
  8 torpor snails
  A smoke demon (Volcano)
  A kobold demonologist (D:5)
  A gargoyle (D:9)
  A rime drake (Lair:3)
  2 unseen horrors (D:12)
  6 komodo dragons
  A red devil (Volcano)
  12 polar bears
  7 trolls
  10 tyrant leeches
  27 blink frogs
  13 hornets
  2 raiju (Lair:5)
  2 jumping spiders (Lair:2)
  5 spriggans
  A shadow (D:11)
  A vampire (D:12)
  2 wraiths
  5 wyverns
  51 yaks
  3 basilisks
  Grum (D:8)
  4 steam dragons
  A redback (Lair:2)
  10 vampire mosquitoes
  18 wargs
  16 hell hounds
  9 swamp worms
  3 acid dragons
  15 water moccasins
  2 sky beasts
  29 orc warriors
  14 black bears
  3 centaurs
  6 ogres
  27 wolves
  A phantom (D:5)
  A kobold brigand (D:10)
  7 bullfrogs
  A gnoll sergeant (D:8)
  A scorpion (D:5)
  7 wights
  7 killer bees
  A howler monkey (D:11)
  An electric eel (Lair:2)
  2 jellies (D:7)
  A hound (D:5)
  2 gnoll boudas
  13 orc priests
  3 iguanas
  Terence (D:2)
  Natasha (thrice) (D:2)
  41 orc wizards
  4 polar bear simulacra (Lair:2)
  2 yak simulacra (Lair:2)
  4 wolf simulacra (Lair:2)
  A mummy (D:6)
  15 gnolls
  6 adders
  A shadow imp (D:6)
  A white imp (D:7)
  2 ufetubi
  2 dart slugs (D:4)
  95 orcs
  6 ball pythons
  5 bats
  9 endoplasms
  2 giant cockroaches
  7 hobgoblins
  5 jackals (D:3)
  8 quokkas
  3 frilled lizards
  6 goblins
  4 kobolds
  7 rats
  A river rat simulacrum (Lair:2)
717 creatures vanquished.

Vanquished Creatures (others)
  An angel (D:10)
  A bloated husk (Swamp:1)
  A spriggan (Swamp:1)
  A killer bee (D:9)
  2 foxfires (Swamp:2)
6 creatures vanquished.

Grand Total: 723 creatures vanquished

Notes
Turn   | Place    | Note
-------+----------+-------------------------------------------
     0 | D:1      | Monkooky the Demonspawn Monk began the quest for the Orb.
     0 | D:1      | Reached XP level 1. HP: 18/18 MP: 1/1
    70 | D:1      | Found a faded altar of an unknown god.
    92 | D:1      | Prayed at the altar of an unknown god.
    92 | D:1      | Became a worshipper of the Wu Jian Council
    92 | D:1      | Reached * piety under Wu Jian
    92 | D:1      | Reached ** piety under Wu Jian
   106 | D:1      | Gained mutation: You sometimes gain a little power by
                  | taking damage. [demonic ancestry]
   106 | D:1      | Reached XP level 2. HP: 20/24 MP: 2/2
   193 | D:1      | Reached *** piety under Wu Jian
   375 | D:1      | Reached skill level 1 in Unarmed Combat
   604 | D:1      | Reached XP level 3. HP: 29/29 MP: 2/4
   833 | D:2      | Reached skill level 1 in Spellcasting
   935 | D:2      | Noticed Natasha
   943 | D:2      | Killed Natasha
   944 | D:2      | Reached XP level 4. HP: 22/35 MP: 5/7
   944 | D:2      | Noticed Natasha
   970 | D:2      | Killed Natasha
  1100 | D:2      | Learned a level 3 spell: Mephitic Cloud
  1104 | D:2      | Noticed Natasha
  1261 | D:2      | Killed Natasha
  1262 | D:2      | Reached XP level 5. HP: 36/41 MP: 9/9
  1298 | D:2      | Reached skill level 1 in Conjurations
  1298 | D:2      | Reached skill level 1 in Poison Magic
  1435 | D:2      | Noticed Terence
  1779 | D:3      | Reached **** piety under Wu Jian
  2031 | D:3      | Learned a level 5 spell: Blade Hands
  2534 | D:4      | Reached skill level 1 in Air Magic
  2766 | D:4      | Found a bloodstained altar of Trog.
  2921 | D:4      | Gained mutation: You sometimes gain power by taking damage.
                  | [demonic ancestry]
  2921 | D:4      | Reached XP level 6. HP: 47/47 MP: 10/10
  3534 | D:2      | Killed Terence
  3605 | D:5      | Entered Level 5 of the Dungeon
  3749 | D:5      | Noticed a water moccasin
  3757 | D:5      | Killed a water moccasin
  3884 | D:5      | Found Yhou's Antique Armour Boutique.
  3927 | D:5      | Gained mutation: You have sharp fingernails. [demonic
                  | ancestry]
  3927 | D:5      | Reached XP level 7. HP: 54/54 MP: 11/11
  4068 | D:5      | Reached skill level 2 in Unarmed Combat
  4240 | D:5      | Reached skill level 3 in Unarmed Combat
  4625 | D:5      | Reached skill level 4 in Unarmed Combat
  4961 | D:6      | Noticed a kobold demonologist
  4978 | D:6      | Noticed a sixfirhy
  5138 | D:6      | Noticed an orange demon
  5152 | D:5      | Killed a kobold demonologist
  5153 | D:5      | Reached skill level 5 in Unarmed Combat
  5153 | D:5      | Gained mutation: A meltable shield of frost defends you.
                  | (SH +4) [demonic ancestry]
  5153 | D:5      | Reached XP level 8. HP: 22/60 MP: 9/12
  5331 | D:6      | Found a burning altar of Makhleb.
  5359 | D:6      | Noticed an Executioner
  5399 | D:5      | Bought an embroidered cloak for 240 gold pieces
  5462 | D:6      | Found a snail-covered altar of Cheibriados.
  5487 | D:6      | Found a staircase to the Ecumenical Temple.
  5513 | D:6      | Found a sparkling altar of Nemelex Xobeh.
  5653 | D:6      | Reached skill level 6 in Unarmed Combat
  5793 | D:6      | Found Woemug's General Store.
  5800 | D:6      | Bought a potion of curing for 39 gold pieces
  5800 | D:6      | Bought a scroll of immolation for 52 gold pieces
  5940 | D:7      | Found a shadowy altar of Dithmenos.
  5943 | D:7      | Found a sacrificial altar of Ru.
  5969 | D:7      | Found a basalt altar of Yredelemnul.
  5970 | D:7      | Found an iron altar of Okawaru.
  6054 | D:7      | Reached skill level 7 in Unarmed Combat
  6302 | D:7      | Found a radiant altar of Vehumet.
  6313 | D:7      | Reached skill level 8 in Unarmed Combat
  6871 | D:8      | Gained mutation: You are partially covered in large bone
                  | plates. (SH +4) [demonic ancestry]
  6871 | D:8      | Reached XP level 9. HP: 18/65 MP: 13/13
  6898 | D:8      | Reached skill level 9 in Unarmed Combat
  7098 | D:8      | Reached skill level 10 in Unarmed Combat
  7273 | D:8      | Noticed a +0 short sword
  7274 | D:8      | Noticed a +0 spear
  7274 | D:8      | Noticed a +0 falchion
  7275 | D:8      | Noticed a +0 falchion
  7275 | D:8      | Noticed a +0 dagger
  7275 | D:8      | Noticed a +0 dagger
  7276 | D:8      | Noticed a +0 spear
  7276 | D:8      | Noticed a +0 short sword
  7279 | D:8      | Found a hide-covered altar of Uskayaw.
  7680 | D:8      | Noticed Grum
  7690 | D:8      | Killed Grum
  7691 | D:8      | Reached skill level 11 in Unarmed Combat
  7974 | D:8      | Reached XP level 10. HP: 71/71 MP: 14/14
  8203 | D:9      | Found an ornate altar of the Wu Jian Council.
  8408 | D:9      | Found a broken altar of Ashenzari.
  8636 | D:9      | Reached skill level 12 in Unarmed Combat
  8720 | D:9      | Found a staircase to the Orcish Mines.
  8761 | D:9      | Found an opulent altar of Gozag.
  8797 | D:9      | Noticed a gargoyle
  8840 | D:9      | Reached ***** piety under Wu Jian
  8841 | D:9      | Reached skill level 1 in Armour
  8946 | D:9      | Killed a gargoyle
  8947 | D:9      | Reached skill level 5 in Fighting
  8985 | D:9      | Noticed a cyclops
  8992 | D:9      | Killed a cyclops
  9168 | D:10     | Entered Level 10 of the Dungeon
  9511 | D:10     | Noticed an angel
  9512 | D:10     | Found a shimmering altar of Xom.
  9664 | D:10     | Gained mutation: You are mostly covered in large bone
                  | plates. (SH +6) [demonic ancestry]
  9664 | D:10     | Reached XP level 11. HP: 75/83 MP: 15/15
  9699 | D:10     | Killed an angel
 10090 | D:10     | Reached skill level 5 in Dodging
 10632 | Orc:1    | Entered Level 1 of the Orcish Mines
 10632 | Orc:1    | Noticed an orc sorcerer
 10639 | Orc:1    | Killed an orc sorcerer
 11137 | Orc:1    | Noticed an orc knight
 11318 | Orc:1    | Noticed an orc sorcerer
 11332 | Orc:1    | Killed an orc knight
 11341 | Orc:1    | Killed an orc sorcerer
 11540 | D:11     | Noticed a boulder beetle
 11552 | D:11     | Killed a boulder beetle
 11657 | Orc:1    | Noticed an orc knight
 11678 | Orc:1    | Killed an orc knight
 11682 | Orc:1    | Reached skill level 5 in Air Magic
 11708 | Orc:1    | Noticed an orc high priest
 11887 | Orc:1    | Reached skill level 5 in Conjurations
 11925 | Orc:1    | Killed an orc high priest
 11926 | Orc:1    | Reached skill level 5 in Poison Magic
 11926 | Orc:1    | Gained mutation: A meltable icy envelope protects you from
                  | harm. (AC +4) [demonic ancestry]
 11926 | Orc:1    | Reached XP level 12. HP: 75/93 MP: 6/16
 12166 | Orc:1    | Noticed an orc warlord
 12171 | Orc:1    | Noticed an orc warlord
 12182 | Orc:1    | Reached skill level 1 in Evocations
 12886 | D:9      | Killed an orc warlord
 13089 | D:11     | Found a staircase to the Lair.
 13669 | D:11     | Reached skill level 5 in Evocations
 13761 | D:11     | Found Gisoagreuth's Magic Scroll Boutique.
 13886 | D:5      | Bought a warped helmet for 304 gold pieces
 13886 | D:5      | Identified the +2 helmet of Terror {-Tele Rampage rC+
                  | Str+2} (You bought it in a shop on level 5 of the Dungeon)
 14020 | D:11     | Bought 3 scrolls of identify for 84 gold pieces
 14174 | Lair:1   | Entered Level 1 of the Lair of Beasts
 14200 | Lair:1   | Noticed a catoblepas
 14210 | Lair:1   | Reached skill level 1 in Transmutations
 14237 | Lair:1   | Killed a catoblepas
 14804 | Lair:1   | Noticed Harold
 14826 | Lair:1   | Killed Harold
 15006 | Lair:1   | Reached skill level 5 in Transmutations
 15190 | Lair:2   | Noticed a boulder beetle
 15220 | Lair:2   | Killed a boulder beetle
 15702 | Lair:2   | Found a hole to the Spider Nest.
 16031 | Lair:2   | Found a snail-covered altar of Cheibriados.
 16356 | Lair:2   | Found a staircase to the Swamp.
 16716 | Lair:2   | Gained mutation: You have very sharp fingernails. [demonic
                  | ancestry]
 16716 | Lair:2   | Reached XP level 13. HP: 87/97 MP: 6/17
 17125 | Lair:3   | Found a dark tunnel.
 17173 | Volcano  | Entered a volcano
 18083 | Lair:3   | Reached ****** piety under Wu Jian
 18102 | Lair:3   | Reached skill level 5 in Armour
 18690 | Lair:3   | Learned a level 5 spell: Alistair's Intoxication
 18692 | Lair:3   | Learned a level 1 spell: Apportation
 18705 | Lair:4   | Identified a scroll of acquirement
 19968 | Lair:4   | Reached skill level 13 in Unarmed Combat
 19980 | Lair:4   | Reached skill level 10 in Fighting
 20429 | Lair:5   | Entered Level 5 of the Lair of Beasts
 20498 | Lair:5   | Reached XP level 14. HP: 110/110 MP: 12/18
 22050 | Lair:5   | Found a viscous altar of Jiyva.
 22050 | Lair:5   | Found a staircase to the Slime Pits.
 22217 | Lair:5   | Found a runed translucent door.
 22380 | Lair:5   | Reached skill level 14 in Unarmed Combat
 23256 | Orc:1    | Killed an orc warlord
 23381 | Orc:1    | Noticed an orc warlord
 23404 | Orc:1    | Killed an orc warlord
 24170 | Orc:2    | Entered Level 2 of the Orcish Mines
 24235 | Orc:2    | Found Noaf Jiba's Gadget Gallery.
 24258 | Orc:2    | Bought a box of beasts for 560 gold pieces
 24258 | Orc:2    | Bought a lightning rod (4/4) for 420 gold pieces
 24333 | Orc:2    | Found a staircase to the Elven Halls.
 24513 | Orc:2    | Found Deruaq's Antique Armour Shop.
 24513 | Orc:2    | Found Nalenot's Weapon Emporium.
 24581 | Orc:2    | Found Wunovy's Assorted Antiques.
 24581 | Orc:2    | Found Yhifoxte's Jewellery Emporium.
 24716 | Orc:2    | Bought a scroll of blinking for 240 gold pieces
 24716 | Orc:2    | Bought a scroll of blinking for 240 gold pieces
 25026 | Orc:2    | Acquired 770 gold pieces
 25136 | D:12     | Reached XP level 15. HP: 120/120 MP: 19/19
 25348 | D:12     | Noticed Snorg
 25357 | D:12     | Killed Snorg
 25358 | D:12     | Noticed Maurice
 25369 | D:12     | Killed Maurice
 26149 | Swamp:1  | Entered Level 1 of the Swamp
 26551 | Swamp:1  | Acquired 600 gold pieces
 26558 | Swamp:1  | Noticed Mlioglotl
 26564 | Swamp:1  | Killed Mlioglotl
 26878 | Swamp:1  | Reached skill level 10 in Evocations
 27615 | Swamp:2  | Noticed Frances
 27625 | Swamp:2  | Killed Frances
 28330 | Swamp:2  | Identified the +2 long sword "Mud Pie of Death" {heavy,
                  | rElec rN+ Dex+5}
 28341 | Swamp:2  | Identified the ring "Neosaleo" {Fire rElec rN++ Will+
                  | Dex-3}
 28491 | Swamp:2  | Noticed a thorn hunter
 28502 | Swamp:2  | Killed a thorn hunter
 28646 | Swamp:3  | Found a shimmering altar of Xom.
 28924 | Swamp:3  | Noticed a thorn hunter
 28924 | Swamp:3  | Noticed Bai Suzhen
 29321 | Swamp:3  | HP: 3/122 [Bai Suzhen/torrent of water (34)]
 29768 | Swamp:3  | Killed from afar by Bai Suzhen

Illustrated notes

Levels and vault maps discovered:
D:1:      spicycebolla_arrival_xxxplode, layout_loops_ring,
          hellmonk_ecumenical_altar_run_dry
D:2:      layout_rooms, uniq_terence, uniq_natasha
D:3:      layout_loops_cross
D:4:      minmay_wonky_spiral, layout_loops_ring, amcnicky_altar_gilded
D:5:      layout_loops_corners, serial_shops, shop, nzn_random_ring,
          uniq_grinder
D:6:      layout_basic, makhleb_altar_promises_db, nemelex_diamond_rough_becter,
          slow_altar_1, minmay_temple_entry_mist, serial_shops, shop_fountains,
          minmay_microvault
D:7:      layout_gridville, vehumet_statue, grunt_temple_overflow_open
D:8:      layout_gridville, nicolae_uskayaw_en_pointe, uniq_grum
D:9:      layout_cave_pools, evilmike_ruin_ashenzari,
          pdpol_wu_jian_five_deadly_venoms, mainiacjoe_overflow_boulevard,
          grunt_tough_drop
D:10:     layout_roguey, grunt_temple_overflow_order_and_chaos_1
D:11:     layout_layer_cave, lair_entry_dummy, serial_shops,
          nicolae_shop_rolled_up, kennysheep_pointless_box
D:12:     wad_crossroads, layout_irregular_city, uniq_snorg, uniq_maurice
Lair:1:   layout_chaotic_city, grunt_megastairs_2, uniq_harold
Lair:2:   layout_cave_pods, nicolae_swamp_entry_splash_gauntlet,
          spider_nest_entry_a, basic_altar, eino_house_with_fridge,
          grunt_megastairs_5
Lair:3:   layout_cellular_growth, nicolae_volcano_entry_two_sided
Lair:4:   layout_cave_pods
Lair:5:   wormcave, layout_cave_pods, hangedman_lair_caniforms_friends,
          dpeg_slime_entry_enclosed, chequers_serial_rivers_small_b,
          serial_bayou_crossing
Swamp:1:  layout_basic_swamp, nicolae_swamp_triple_paths, uniq_mlioglotl
Swamp:2:  layout_basic_swamp, nicolae_swamp_little_swirl, swamp_pool4,
          uniq_frances
Swamp:3:  layout_basic_swamp, ebering_ghost_reflecting_pool,
          lemuel_altar_in_water, uniq_bai_suzhen
Orc:1:    layout_caves, minmay_orc_treasury
Orc:2:    st_orc_town, layout_diamond_mine, nicolae_shop_gadgets

Skill      XL: |  1  2  3  4  5  6  7  8  9 10 11 12 13 14 15 |
---------------+----------------------------------------------+-----
Axes           | 3 |  3.1
Unarmed Combat | 1 5 8 11 12 13 14 | 14.6
Spellcasting   | 2 |  2.9
Conjurations   | 2 3 5 |  5.3
Poison Magic   | 2 3 5 |  5.2
Air Magic      | 1 5 |  5.4
Fighting       | 4 6 8 10 11 12 | 12.5
Dodging        | 4 5 6 7 8 |  8.6
Armour         | 3 4 5 7 |  7.9
Evocations     | 5 6 10 | 10.6
Transmutations | 8 |  8.6

Action                     |  1- 3 |  4- 6 |  7- 9 | 10-12 | 13-15 || total
---------------------------+-------+-------+-------+-------+-------++-------
  Melee: Hand axe          |   109 |    92 |       |       |       ||   201
         Rapier            |       |    83 |    42 |       |       ||   125
         Unarmed           |       |       |   210 |   818 |  1086 ||  2114
         Punch             |       |       |       |     3 |    76 ||    79
  Throw: Boomerang         |       |     3 |    11 |    13 |     6 ||    33
         Dart              |       |       |       |     3 |     1 ||     4
   Cast: Mephitic Cloud    |       |     2 |     9 |    40 |     7 ||    58
         Blade Hands       |       |       |       |     7 |    98 ||   105
         Alistair's Intoxi |       |       |       |       |     1 ||     1
 Invoke: Serpent's Lash    |       |       |     1 |     1 |     4 ||     6
Ability: Lunge             |     9 |    13 |    21 |    44 |    91 ||   178
         Whirlwind         |       |       |    15 |    22 |    65 ||   102
         Wall Jump         |       |       |     6 |     5 |     6 ||    17
  Evoke: Wand              |       |     3 |     1 |     9 |     1 ||    14
         Tin of tremorston |       |       |       |       |     3 ||     3
         Phial of floods   |       |       |       |       |     1 ||     1
    Use: Potion            |       |     4 |     4 |     2 |     3 ||    13
         Scroll            |       |     4 |     6 |    14 |     7 ||    31
   Stab: Confused          |       |     2 |     4 |    39 |     1 ||    46
         Paralysed         |       |     4 |       |       |       ||     4
         Petrified         |       |       |       |     8 |       ||     8
         Petrifying        |       |       |       |     1 |       ||     1
 Armour: Robe              |    29 |    32 |    33 |       |       ||    94
         Animal skin       |       |       |       |    11 |       ||    11
         Acid dragon scale |       |       |       |   142 |    40 ||   182
         Leather armour    |       |       |       |       |   296 ||   296
  Dodge: Dodged            |    78 |   133 |   127 |   290 |   473 ||  1101
  Block: Orb               |       |       |    32 |   298 |   161 ||   491
         Other             |       |       |       |    11 |   242 ||   253
